 Dungeon Crawl Stone Soup version 0.19.5 (webtiles) character file.

74 tricornhat the Cudgeler (level 4, 0/35 HPs)
             Began as a Demonspawn Berserker on Mar 21, 2017.
             Was a Believer of Trog.
             Succumbed to an adder's poison
             ... on level 2 of the Dungeon.
             The game lasted 00:10:08 (1383 turns).

tricornhat the Cudgeler (Demonspawn Berserker)      Turns: 1383, Time: 00:10:09

Health: 0/35       AC: 11    Str: 18    XL:     4   Next: 10%
Magic:  4/4        EV:  6    Int:  9    God:    Trog [**....]
Gold:   89         SH:  0    Dex: 12    Spells: 0 memorised, 3 levels left

rFire  . . .     SeeInvis .     a - +0 mace
rCold  . . .     Gourm    .     e - +0 plate armour (curse)
rNeg   . . .     Faith    .     (no shield)
rPois  .         Spirit   .     (no helmet)
rElec  .         Reflect  .     (no cloak)
rCorr  .         Harm     .     (no gloves)
MR     .....                    n - +0 pair of boots
Stlth  ..........               (no amulet)
                                (no ring)
                                (no ring)

@: lethally poisoned (0 -> -2), very slightly contaminated, hasted, very quick
A: hooves 1, spiny 1
a: Berserk, Trog's Hand, Burn Spellbooks, Renounce Religion


You were on level 2 of the Dungeon.
You worshipped Trog.
Trog was pleased with you.
You were hungry.

You visited 1 branch of the dungeon, and saw 2 of its levels.

You collected 89 gold pieces.

Inventory:

Hand Weapons
 a - a +0 mace (weapon)
Armour
 b - a +0 animal skin
 e - a cursed +0 plate armour (worn)
 n - a +0 pair of boots (worn)
Scrolls
 d - a scroll of random uselessness {unknown}
 g - a scroll of magic mapping {unknown}
 i - a scroll of remove curse {unknown}
 k - 2 scrolls of recharging {unknown}
 o - a scroll of teleportation {unknown}
 q - a scroll of noise {unknown}
 t - 2 scrolls of fear {unknown}
Potions
 h - a potion of haste
 j - a potion of brilliance {unknown}
 m - a potion of curing {unknown}
 r - a potion of resistance {unknown}
Comestibles
 c - 2 bread rations
 f - 2 meat rations
 l - 2 slices of pizza
 s - a beef jerky


   Skills:
 + Level 3.4 Fighting
 * Level 4.0 Maces & Flails
 + Level 1.9 Armour
 - Level 2.0 Dodging


You had 3 spell levels left.
You didn't know any spells.

Dungeon Overview and Level Annotations

Branches:
Dungeon (2/15)

Altars:


Innate Abilities, Weirdness & Mutations

You have large cloven feet.
You are partially covered in sharp spines.


Message History

The adder is almost dead.
You feel sick. The adder is struck by your spines.
You kill the adder!
Trog accepts your kill.
Your Maces & Flails skill increases to level 4!
You have reached level 4!
You feel clever.
Your demonic ancestry asserts itself...
Your feet thicken and deform.
The gnoll hits you but does no damage.
The gnoll hits you from afar with an enchanted halberd!
* * * LOW HITPOINT WARNING * * *
The gnoll is struck by your spines. The gnoll hits you with a halberd.
* * * LOW HITPOINT WARNING * * *
It was a potion of haste.
You feel yourself speed up.
* * * LOW HITPOINT WARNING * * *
You feel sick. The gnoll barely misses you. x2
You are very lightly contaminated with residual magic.
* * * LOW HITPOINT WARNING * * *
You feel sick.
You die...

.....#######.###.#
..............##g#
###.....).....##.#
#...........##g#
#...........##.#
#########
#...........##.#
#.......#
###########.##.#
#.#####.# #..#.#
#.# #.# ##.#@# #.#
#.# #...#
#.#####.#
##..######
#.#.....#
#.>.....#
#.#.#####
#######.# #.#.#
#.# #.#.#
#.###.#.#
#.....#.#
#######.#


You could see 2 gnolls.

Vanquished Creatures
  2 adders (D:2)
  An ooze (D:1)
  A dart slug (D:2)
  3 leopard geckos (D:2)
  4 bats
  4 giant cockroaches (D:2)
  6 goblins
  4 hobgoblins
  2 quokkas (D:2)
  3 ball pythons
  5 frilled lizards
  5 kobolds
  6 rats
46 creatures vanquished.

Notes
Turn   | Place    | Note
-------+----------+-------------------------------------------
     0 | D:1      | tricornhat the Demonspawn Berserker began the quest for the Orb.
     0 | D:1      | Reached XP level 1. HP: 18/18 MP: 1/1
   222 | D:1      | Gained mutation: You are partially covered in sharp spines. [demonic ancestry]
   222 | D:1      | Reached XP level 2. HP: 20/24 MP: 2/2
   232 | D:1      | Reached skill level 3 in Maces & Flails
   948 | D:2      | Reached XP level 3. HP: 24/29 MP: 3/3
  1065 | D:2      | Reached ** piety under Trog
  1373 | D:2      | Reached skill level 4 in Maces & Flails
  1373 | D:2      | Gained mutation: You have large cloven feet. [demonic ancestry]
  1373 | D:2      | Reached XP level 4. HP: 16/35 MP: 4/4
  1378 | D:2      | HP: 1/35 [poisoned by an adder]
  1383 | D:2      | Succumbed to an adder's poison

Skill      XL: |  1  2  3 |
---------------+----------+-----
Maces & Flails | 3 4 |  4.0
Dodging        | 2 |  2.0
Fighting       | |  3.4
Armour         | |  1.9

Action                   |  1- 3 |  4- 6 || total
-------------------------+-------+-------++-------
Melee: Mace              |   106 |       ||   106
  Use: Potion            |       |     1 ||     1
  Eat: Chunk             |     1 |       ||     1
Armor: Animal skin       |    12 |       ||    12
       Plate armour      |    56 |     1 ||    57
Dodge: Dodged            |    68 |     2 ||    70
